 Dungeon Crawl Stone Soup version 0.28-a0-556-gab23d0e057 (webtiles) character file.

Game seed: 10217945115095955320

1044 robertstho the Magician (level 8, -2/56 HPs)
             Began as a Djinni Fire Elementalist on Sept 28, 2021.
             Slain by a wight (17 damage)
             ... on level 6 of the Dungeon.
             The game lasted 00:05:38 (7937 turns).

robertstho the Magician (Djinni Fire Elementalist)  Turns: 7937, Time: 00:05:39

Health: -2/56      AC:  2    Str:  7    XL:     8   Next: 49%
Gold:   246        EV: 12    Int: 19    God:
                   SH:  0    Dex: 14

rFire   + + .      SeeInvis .   n - +8 mace of Efioreos {vorpal, rElec}
rCold   x . .      Faith    .   (no shield)
rNeg    . . .      Spirit   .   a - +0 robe
rPois   ∞          Reflect  .   (no helmet)
rElec   +          Harm     .   (no cloak)
rCorr   .          Rampage  .   (no gloves)
Will    .....                   (boots unavailable)
Stlth   ++........              (no amulet)
HPRegen 0.18/turn               (no ring)
MPRegen 0.00/turn               (no ring)

@: flying
A: sickness immunity, fire resistance 2, cold vulnerability 1, float, innate
caster, hp casting, extra vitality 1
a: no special abilities


You were on level 6 of the Dungeon.
You visited 1 branch of the dungeon, and saw 6 of its levels.

You collected 246 gold pieces.

Inventory:

Hand Weapons
 n - the +8 mace of Efioreos (weapon) {vorpal, rElec}
   (You found it on level 4 of the Dungeon)

   It inflicts extra damage upon your enemies.
   rElec:     It insulates you from electricity.
Missiles
 l - a throwing net
Armour
 a - a +0 robe (worn)
Magical Staves
 e - a staff of fire
Wands
 m - a wand of digging (5)
 t - a wand of flame (20)
Scrolls
 b - a scroll of holy word {unknown}
 d - 7 scrolls of identify {unknown}
 i - 2 scrolls of teleportation {unknown}
 j - 2 scrolls of enchant weapon {unknown}
 o - a scroll of fog {unknown}
 q - 2 scrolls of acquirement {unknown}
Potions
 c - a potion of attraction {unknown}
 f - 3 potions of curing {unknown}
 g - a potion of resistance {unknown}
 h - a potion of heal wounds {unknown}
 k - 4 potions of mutation {unknown}
 p - 2 potions of lignification {unknown}
 r - a potion of degeneration {unknown}
 s - a potion of brilliance {unknown}


   Skills:
 * Level 3.0 Fighting
 + Level 0.1 Staves
 + Level 2.4 Dodging
 + Level 2.3 Stealth
 * Level 6.9 Spellcasting


You had 2 spell levels left.
You knew the following spells:

 Your Spells              Type           Power      Damage    Failure   Level
a - Foxfire               Conj/Fire      100%       2x1d9     1%          1
b - Scorch                Fire           66%        2d8       1%          2
c - Conjure Flame         Conj/Fire      33%        6-21      1%          3
d - Inner Flame           Hex/Fire       33%        N/A       1%          3
e - Flame Wave            Conj/Fire      33%        3d7       6%          4
f - Freeze                Ice            100%       1d11      1%          1
g - Poisonous Vapours     Pois/Air       66%        N/A       1%          2
h - Passwall              Tmut/Erth      27%        N/A       1%          2
Your spell library was empty.

Dungeon Overview and Level Annotations

Branches:
Dungeon (6/15)             Temple (0/1) D:6

Altars:

Annotations:
D:4 1 runed translucent door, Crazy Yiuf


Innate Abilities, Weirdness & Mutations

You are immune to sickness and miasma.
You are immune to poison.
Your flesh is very heat resistant. (rF++)
You are vulnerable to cold. (rC-)
You float through the air rather than walking.
You learn spells naturally, not from books.
Your magical power is your life essence.
You have superior vitality. (+4 HP)


Message History

A wight comes into view. It is wielding a +4 spear.
A wight is nearby!
A wight comes into view. It is wielding a +4 halberd.
Casting: Scorch (safe; 1% risk of failure)
Confirm with . or Enter, or press ? or * to list all spells.
Flames lash the wight.
The wight is moderately damaged.
The wight's fire resistance burns away.
Casting: Scorch (safe; 1% risk of failure)
Confirm with . or Enter, or press ? or * to list all spells.
Flames lash the wight.
The wight is burned terribly!
You destroy the wight!
A wight comes into view.
It is wielding a +4 halberd of freezing and wearing a +1 robe of willpower.
Casting: Scorch (safe; 1% risk of failure)
Confirm with . or Enter, or press ? or * to list all spells.
Nothing appears to happen.
Unknown command.
Casting: Scorch (safe; 1% risk of failure)
Confirm with . or Enter, or press ? or * to list all spells.
Flames lash the wight.
The wight is heavily damaged.
The wight's fire resistance burns away.
The wight hits you from afar with a +4 halberd!
Casting: Scorch (safe; 1% risk of failure)
Confirm with . or Enter, or press ? or * to list all spells.
Flames lash the wight.
The wight is burned terribly!
The wight is heavily damaged.
The wight misses you.
Casting: Scorch (safe; 1% risk of failure)
Confirm with . or Enter, or press ? or * to list all spells.
Flames lash the wight.
The wight is moderately damaged.
The wight's fire resistance burns away.
The wight hits you from afar with a +4 halberd!
The wight hits you from afar with a +4 halberd of freezing.
* * * LOW HITPOINT WARNING * * *
The wight freezes you.
* * * LOW HITPOINT WARNING * * *
The wight hits you from afar with a +4 halberd!
You die...

#..# #..# #..# #..##
#... #.z .# #z#
..##. #.#.# #.#
#.........## #@#
#...#.#.... #.#
##..#.#.#..+####.#
#..#.#.#.#.....#.#
#...#.>.#......#.#
#..#.#.#.#.....#.###
#...#.#.#......#...#
##...#.#.......#...#
#..........#.(#...#


You could see 2 wights.

Vanquished Creatures
  Sigmund (D:5)
  Menkaure (D:4)
  A water moccasin (D:6)
  A centaur (D:5)
  Blork the orc (D:6)
  A water moccasin zombie (D:5)
  A wight (D:6)
  A bullfrog skeleton (D:5)
  A jelly (D:4)
  An orc priest (D:4)
  Jessica (D:2)
  Terence (D:2)
  2 iguanas
  A hound zombie (D:5)
  A hound skeleton (D:5)
  2 howler monkey zombies (D:5)
  7 gnolls
  5 adders
  A dart slug (D:5)
  6 orcs
  9 bats
  4 endoplasms
  3 giant cockroaches
  7 hobgoblins
  6 jackals
  6 quokkas
  5 ball pythons
  3 frilled lizards
  5 goblins
  4 kobolds
  6 rats
95 creatures vanquished.

Vanquished Creatures (others)
  68 foxfires
68 creatures vanquished.

Grand Total: 163 creatures vanquished

Notes
Turn   | Place    | Note
-------+----------+-------------------------------------------
     0 | D:1      | robertstho the Djinni Fire Elementalist began the quest for
                  | the Orb.
     0 | D:1      | Reached XP level 1. HP: 15/15 MP: 0/0
   368 | D:1      | Reached XP level 2. HP: 15/21 MP: 0/0
  1187 | D:1      | Found a faded altar of an unknown god.
  1196 | D:1      | Reached skill level 3 in Spellcasting
  1518 | D:1      | Reached XP level 3. HP: 21/26 MP: 0/0
  1518 | D:1      | Learned a level 1 spell: Freeze
  2321 | D:2      | Noticed Terence
  2772 | D:2      | Reached XP level 4. HP: 26/31 MP: 0/0
  3075 | D:2      | Killed Terence
  3076 | D:2      | Reached skill level 1 in Fighting
  3297 | D:2      | Noticed Jessica
  3302 | D:2      | Killed Jessica
  3303 | D:2      | Reached skill level 4 in Spellcasting
  3303 | D:2      | Reached XP level 5. HP: 33/37 MP: 0/0
  3303 | D:2      | Learned a level 2 spell: Poisonous Vapours
  5023 | D:4      | Noticed Menkaure
  5028 | D:4      | Killed Menkaure
  5029 | D:4      | Reached skill level 5 in Spellcasting
  5029 | D:4      | Reached XP level 6. HP: 29/42 MP: 0/0
  5352 | D:4      | Identified the +8 mace of Efioreos {vorpal, rElec}
  5422 | D:4      | Reached XP level 7. HP: 21/49 MP: 0/0
  5422 | D:4      | Learned a level 2 spell: Passwall
  5868 | D:4      | Found a runed translucent door.
  5869 | D:4      | Noticed Crazy Yiuf
  6091 | D:5      | Entered Level 5 of the Dungeon
  6790 | D:5      | Noticed Sigmund
  6796 | D:5      | Killed Sigmund
  6797 | D:5      | Reached skill level 6 in Spellcasting
  7034 | D:5      | Reached XP level 8. HP: 39/55 MP: 0/0
  7625 | D:6      | Noticed Blork the orc
  7630 | D:6      | Killed Blork the orc
  7839 | D:6      | Found a staircase to the Ecumenical Temple.
  7937 | D:6      | Slain by a wight

Illustrated notes

Levels and vault maps discovered:
D:1:      moated_graveyard_arrival, layout_basic,
          shapermc_ecumenical_altar_mp_urbaneastern
D:2:      layout_loops_ring, minmay_misc_feat_chi, uniq_terence, uniq_jessica
D:3:      layout_loops_cross
D:4:      layout_basic, uniq_menkaure, uniq_crazy_yiuf_cottage
D:5:      layout_basic, grunt_tough_drop, uniq_sigmund
D:6:      layout_basic, nicolae_elyvilon_peaceful_grove,
          minmay_temple_entry_grid, ebering_ghost_gozag, st_stairs_9,
          uniq_blork_the_orc, uniq_pikel, uniq_edmund

Skill      XL: |  1  2  3  4  5  6  7  8 |
---------------+-------------------------+-----
Spellcasting   | 3 4 5 6 |  6.9
Fighting       | 1 2 3 |  3.0
Stealth        | 2 |  2.3
Staves         | |  0.1
Dodging        | |  2.4

Action                   |  1- 3 |  4- 6 |  7- 9 || total
-------------------------+-------+-------+-------++-------
Melee: Unarmed           |     4 |       |       ||     4
       Staff             |       |     6 |       ||     6
       Mace              |       |       |     1 ||     1
 Cast: Foxfire           |    22 |       |    17 ||    39
       Scorch            |    36 |    51 |    39 ||   126
       Flame Wave        |       |     3 |     1 ||     4
  Use: Potion            |     1 |       |       ||     1
 Stab: Sleeping          |       |       |     1 ||     1
Armor: Robe              |     6 |     1 |     2 ||     9
Dodge: Dodged            |    14 |    17 |    17 ||    48

Table legend: (Time is in decaauts)
 A = Elapsed time spent in this place.
 B = Non-inter-level travel time spent in this place.
 C = Inter-level travel time spent in this place.
 D = Time resting spent in this place.
 E = Time spent auto-exploring this place.
 F = Levels seen in this place.
 G = Mean time per level.
                   A        B        C        D        E       F      G
               +--------+--------+--------+--------+--------+-----+--------+
         Total |   7918 |   7660 |    258 |    527 |   6608 |   6 | 1319.7 |
       Dungeon |   7918 |   7660 |    258 |    527 |   6608 |   6 | 1319.7 |
               +--------+--------+--------+--------+--------+-----+--------+

Top non-repeatable levels by time:
     D:1: 2406 daAuts
     D:2: 1431 daAuts
     D:4: 1410 daAuts
     D:5: 1297 daAuts
     D:3: 1003 daAuts
     D:6: 368 daAuts
